 Dungeon Crawl Stone Soup version 0.28.0-49-g6dfe1f597d (webtiles) character file.

Game seed: 1347598404691810904

26346 Exodus22XD the Protected (level 12, -4/98 HPs)
             Began as a Demonspawn Gladiator on May 15, 2022.
             Was a Follower of Uskayaw.
             Killed from afar by a manticore (10 damage)
             ... with a volley of spikes
             ... on level 13 of the Dungeon.
             The game lasted 00:24:57 (14263 turns).

Exodus22XD the Protected (Demonspawn Gladiator)    Turns: 14263, Time: 00:24:58

Health: -4/98      AC: 26    Str: 20    XL:     12   Next: 97%
Magic:  17/17      EV: 11    Int:  5    God:    Uskayaw [*.....]
Gold:   1285       SH: 10    Dex: 27    Spells: 11/11 levels left

rFire   . . .      SeeInvis .   J - +2 trident (freeze)
rCold   . . .      Faith    .   i - +2 buckler {AC+3}
rNeg    . . .      Spirit   .   y - +3 chain mail
rPois   .          Reflect  .   (helmet restricted)
rElec   .          Harm     .   E - +2 cloak {rCorr}
rCorr   +          Rampage  .   B - +0 pair of gloves
Will    .....                   (no boots)
Stlth   ..........              (no amulet)
HPRegen 0.26/turn               q - +6 ring of dexterity
MPRegen 0.15/turn               L - ring of Life {Int-5 Dex+7 Slay+4}

@: spiked, studying 2 skills
A: antennae 1, rugged brown scales 3, ignite blood 1, powered by death 1
a: Renounce Religion, Stomp


You were on level 13 of the Dungeon.
You worshipped Uskayaw.
Uskayaw was noncommittal.
You visited 2 branches of the dungeon, and saw 15 of its levels.
You also visited: Sewer and Bailey.

You collected 1285 gold pieces.

Inventory:

Hand Weapons
 C - a +1 antimagic war axe
 H - a +4 trident
 J - a +2 trident of freezing (weapon)
 R - the +9 dagger "Udeikk" {freeze, Dex+7}
   (You found it in a bailey)

   It freezes those it strikes, dealing additional cold damage.
   It can also slow down cold-blooded creatures.
   Dex:       It affects your dexterity (+7).
Missiles
 d - 5 throwing nets (quivered)
Armour
 i - a +2 buckler of protection (worn)
 y - a +3 chain mail (worn)
 B - a +0 pair of gloves (worn)
 E - a +2 cloak of preservation (worn)
Jewellery
 a - a ring of fire
 q - a +6 ring of dexterity (left hand)
 G - a +6 ring of dexterity
 K - an amulet of the acrobat
 L - the ring of Life (right hand) {Int-5 Dex+7 Slay+4}
   (You found it on level 8 of the Dungeon)

   [ring of slaying]

   Int:       It affects your intelligence (-5).
   Dex:       It affects your dexterity (+7).
   Slay:      It affects your accuracy & damage with ranged weapons and melee
   (+4).
 P - a ring of resist corrosion
Wands
 x - a wand of flame (47)
 D - a wand of charming (8)
 Q - a wand of paralysis (5)
Scrolls
 b - a scroll of brand weapon
 c - 2 scrolls of vulnerability
 h - 4 scrolls of teleportation
 j - 3 scrolls of enchant armour
 l - 2 scrolls of fear {unknown}
 m - 2 scrolls of torment
 o - a scroll of enchant weapon
 p - 3 scrolls of magic mapping
 s - 3 scrolls of fog {unknown}
 A - 3 scrolls of amnesia {unknown}
 O - 2 scrolls of summoning
Potions
 e - 3 potions of curing
 f - 3 potions of might
 g - a potion of invisibility {unknown}
 k - a potion of cancellation
 n - 2 potions of flight
 r - 3 potions of magic
 t - a potion of heal wounds {unknown}
 v - a potion of brilliance {unknown}
 w - 2 potions of resistance {unknown}
 z - a potion of berserk rage {unknown}
 F - 2 potions of haste {unknown}
 U - 2 potions of mutation {unknown}
 V - a potion of ambrosia {unknown}
Miscellaneous
 M - a phantom mirror
 N - a phial of floods
 S - a piece from Xom's chessboard (15/15)
 T - a box of beasts


   Skills:
 + Level 8.1 Fighting
 + Level 1.4(7.8) Axes
 + Level 12.0 Polearms
 + Level 2.1 Throwing
 * Level 12.0 Armour
 + Level 4.4 Dodging
 + Level 4.0 Stealth
 * Level 9.6 Shields
 * Level 7.8 Invocations


You had 11 spell levels left.
You didn't know any spells.
Your spell library contained the following spells:

 Spells                   Type           Power      Damage    Failure   Level
 Dazzling Flash           Conj/Hex       0%         N/A       100%        3
 Summon Guardian Golem    Hex/Summ       0%         N/A       100%        3
 Iskenderun's Mystic Bla  Conj/Tloc      0%         2d3       100%        4
 Alistair's Intoxication  Tmut/Pois      0%         N/A       100%        5
 Borgnjor's Vile Clutch   Necr/Erth      0%         N/A       100%        5
 Eringya's Noxious Bog    Tmut/Pois      0%         N/A       100%        6
 Starburst                Conj/Fire      0%         6d3       100%        6
 Malign Gateway           Summ/Tloc      0%         N/A       100%        7
 Orb of Destruction       Conj           0%         9d5       100%        7
 Spellforged Servitor     Conj/Summ      0%         N/A       100%        7
 Summon Horrible Things   Summ           0%         N/A       100%        8


Dungeon Overview and Level Annotations

Branches:
Dungeon (14/15)            Temple (1/1) D:6            Lair (0/6) D:11
  Sewer (visited)          Bailey (visited)
    Orc: D:9-12      Vaults: D:13-14

Altars:
Ashenzari
Cheibriados
Dithmenos
Elyvilon
Fedhas
Gozag
Hepliaklqana
Kikubaaqudgha
Makhleb
Nemelex Xobeh
Okawaru
Qazlal
Ru
Sif Muna
Trog
Uskayaw
Vehumet
Wu Jian
Xom
Yredelemnul
Zin
The Shining One


Innate Abilities, Weirdness & Mutations

You have a pair of small antennae on your head.
You are completely covered in rugged brown scales. (AC +3, +7% HP)
Your demonic aura sometimes causes spilled blood to erupt in flames.
You regenerate a little health from kills.


Message History

Press: ? - help, Dir - move target, p - boulder beetle
As you read the scroll of blinking, it crumbles to dust.
Okay, then.
As you read the scroll of teleportation, it crumbles to dust.
You feel strangely unstable.
The boulder beetle leaps!
Found a stone staircase leading down.
Your surroundings suddenly seem different.
A centaur and a manticore come into view.
Found a lead wand, 54 gold pieces and a potion of cancellation.
Found an escape hatch in the floor and an escape hatch in the ceiling.
The centaur shouts!
The centaur wields a +0 shortbow.
The centaur shoots an arrow.
The arrow hits you but does no damage. You block the manticore's attack.
The manticore claws you but does no damage.
The manticore closely misses you.
Okay, then.
Okay, then.
You feel better.
The centaur shoots an arrow.
The arrow barely misses you.
A centaur comes into view.
The manticore bites you.
* * * LOW HITPOINT WARNING * * *
You block the manticore's attack. The manticore barely misses you.
A centaur warrior comes into view.
Found 11 gold pieces.
The centaur shouts!
The centaur warrior wields a +0 shortbow.
The centaur warrior shoots an arrow.
The arrow hits you but does no damage. The manticore bites you.
* * * LOW HITPOINT WARNING * * *
The manticore closely misses you. The manticore barely misses you.
The manticore bites you.
* * * LOW HITPOINT WARNING * * *
The manticore claws you.
* * * LOW HITPOINT WARNING * * *
The manticore closely misses you.
The manticore flicks its tail.
The volley of spikes hits you!
The barbed spikes become lodged in your body.
You die... #...# #......# #...# #......# #...# #......# #..... #......# .ccc

#....<.# ...#
#.>....# ...#
#......####c..#
#.....@.......#
#......○H/....#
#$............#
#.............#
#.............#
#.............#
#....$........#
#..........!..#
#............$#


You could see a manticore and a centaur.

Vanquished Creatures
  3 two-headed ogres
  A boulder beetle (D:11)
  3 centaur warriors (D:8)
  7 ugly things
  2 deep elf pyromancers
  3 manticores
  3 cyclopes
  A gargoyle (D:14)
  An efreet (D:10)
  2 kobold demonologists
  A rime drake (shapeshifter) (D:14)
  4 trolls
  A queen bee (shapeshifter) (D:14)
  10 slime creatures
  3 hornets
  Grinder (D:6)
  A vampire (D:14)
  2 wraiths (D:8)
  15 yaks
  2 basilisks
  4 wyverns
  6 vampire mosquitoes
  4 steam dragons (D:8)
  An acid dragon (D:10)
  6 water moccasins
  Duvessa (D:7)
  A hornet zombie (D:4)
  3 ice beasts
  2 black bears
  9 orc warriors
  2 sky beasts
  A necrophage (D:7)
  An ogre (D:5)
  11 centaurs
  A phantom (D:7)
  9 kobold brigands
  Blork the orc (D:6)
  A bullfrog (D:6)
  2 scorpions
  Dowan (D:7)
  A water moccasin skeleton (D:5)
  13 killer bees
  9 wights
  A howler monkey (D:12)
  2 bullfrog zombies
  3 centaur zombies (D:8)
  4 jellies
  A gnoll shaman (D:8)
  2 hounds (D:5)
  6 orc priests
  A bullfrog skeleton (D:7)
  2 iguanas (D:4)
  5 orc wizards
  A killer bee zombie (D:8)
  10 gnolls
  A howler monkey skeleton (D:6)
  A river rat (D:3)
  6 adders
  A shadow imp (D:7)
  2 white imps
  An ufetubus (D:6)
  An adder skeleton (D:5)
  2 worms
  2 dart slugs
  20 orcs
  9 ball pythons
  13 endoplasms
  8 giant cockroaches
  6 goblins
  4 hobgoblins
  A jackal (D:2)
  39 kobolds
  5 quokkas
  10 bats
  2 frilled lizards
  10 rats
338 creatures vanquished.

Vanquished Creatures (others)
  A bush (D:11)
  A fungus (D:11)
  6 plants (D:11)
8 creatures vanquished.

Grand Total: 346 creatures vanquished

Notes
Turn   | Place    | Note
-------+----------+-------------------------------------------
     0 | D:1      | Exodus22XD the Demonspawn Gladiator began the quest for the
                  | Orb.
     0 | D:1      | Reached XP level 1. HP: 16/16 MP: 1/1
   355 | D:1      | Gained mutation: You have a pair of small antennae on your
                  | head. [demonic ancestry]
   355 | D:1      | Reached XP level 2. HP: 22/22 MP: 2/2
   926 | D:1      | Gained mutation: You are partially covered in rugged brown
                  | scales. (AC +1, +3% HP) [demonic ancestry]
   926 | D:1      | Reached XP level 3. HP: 19/27 MP: 3/3
  2143 | D:3      | Found a faded altar of an unknown god.
  2169 | D:3      | Found a shadowy altar of Dithmenos.
  2251 | D:3      | Reached XP level 4. HP: 35/35 MP: 4/4
  2410 | D:3      | Reached skill level 1 in Armour
  2440 | D:3      | Found a glowing drain.
  2450 | Sewer    | Entered a sewer
  2821 | Sewer    | Noticed a kobold brigand
  2834 | Sewer    | Killed a kobold brigand
  2835 | Sewer    | Reached skill level 1 in Shields
  2835 | Sewer    | Gained mutation: You are mostly covered in rugged brown
                  | scales. (AC +2, +5% HP) [demonic ancestry]
  2835 | Sewer    | Reached XP level 5. HP: 28/42 MP: 5/5
  3490 | D:4      | Noticed a centaur
  3490 | D:4      | Noticed a centaur
  3501 | D:4      | Killed a centaur
  3502 | D:4      | Gained mutation: You regenerate a little health from kills.
                  | [demonic ancestry]
  3502 | D:4      | Reached XP level 6. HP: 35/49 MP: 6/6
  3634 | D:4      | Reached skill level 5 in Polearms
  3823 | D:4      | Reached XP level 7. HP: 38/54 MP: 7/7
  4064 | D:5      | Entered Level 5 of the Dungeon
  4574 | D:5      | Found a burning altar of Makhleb.
  4844 | D:6      | Found a broken altar of Ashenzari.
  4878 | D:6      | Reached skill level 1 in Stealth
  4878 | D:6      | Gained mutation: You are completely covered in rugged brown
                  | scales. (AC +3, +7% HP) [demonic ancestry]
  4878 | D:6      | Reached XP level 8. HP: 48/64 MP: 8/8
  5290 | D:6      | Found a staircase to the Ecumenical Temple.
  5311 | Temple   | Entered the Ecumenical Temple
  5528 | D:6      | Noticed Grinder
  5531 | D:6      | Paralysed by Grinder for 6 turns
  5564 | D:6      | HP: 2/64 [bullfrog zombie (4)]
  5956 | D:6      | Noticed a hornet
  5969 | D:6      | Noticed Blork the orc
  5978 | D:6      | Killed Blork the orc
  6067 | D:6      | You fall into a shaft and drop 3 floors!
  6195 | D:8      | HP: 1/65 [steam dragon/ball of steam (6)]
  6531 | D:7      | Reached skill level 5 in Armour
  6669 | D:7      | Reached skill level 1 in Axes
  6857 | D:7      | Found a sacrificial altar of Ru.
  6928 | D:7      | Noticed Dowan
  6929 | D:7      | Noticed Duvessa
  6944 | D:7      | Killed Duvessa
  6959 | D:7      | Killed Dowan
  6996 | D:7      | Reached XP level 9. HP: 70/70 MP: 9/9
  7010 | D:7      | Reached skill level 5 in Shields
  7440 | D:6      | Reached skill level 5 in Fighting
  7671 | D:6      | Paralysed by Grinder for 5 turns
  7680 | D:6      | Killed Grinder
  7940 | D:6      | Found an iron altar of Okawaru.
  8694 | D:8      | Found a radiant altar of Vehumet.
  8705 | D:8      | Found a hazy altar of Hepliaklqana.
  8982 | D:8      | Gained mutation: Your demonic aura sometimes causes spilled
                  | blood to erupt in flames. [demonic ancestry]
  8982 | D:8      | Reached XP level 10. HP: 50/79 MP: 10/10
  9423 | D:8      | Noticed a deep elf pyromancer
  9423 | D:8      | Noticed a centaur warrior
  9429 | D:8      | Killed a deep elf pyromancer
  9432 | D:8      | Noticed a cyclops
  9436 | D:8      | Noticed a two-headed ogre
  9443 | D:8      | Killed a centaur warrior
  9450 | D:8      | Killed a cyclops
  9452 | D:8      | Noticed a centaur warrior
  9455 | D:8      | Noticed a centaur warrior
  9462 | D:8      | Killed a centaur warrior
  9471 | D:8      | Killed a centaur warrior
  9478 | D:8      | Reached XP level 11. HP: 75/88 MP: 11/11
  9496 | D:8      | Killed a two-headed ogre
  9497 | D:8      | Reached skill level 10 in Polearms
  9506 | D:8      | Identified the ring of Life {Int-5 Dex+7 Slay+4}
 10591 | D:9      | Found a hide-covered altar of Uskayaw.
 10600 | D:9      | Became a worshipper of Uskayaw the Reveller
 10672 | D:9      | Noticed a two-headed ogre
 10676 | D:9      | Reached * piety under Uskayaw
 10678 | D:9      | Killed a two-headed ogre
 10678 | D:9      | Reached ** piety under Uskayaw
 10679 | D:9      | Reached skill level 10 in Armour
 10679 | D:9      | Reached skill level 1 in Invocations
 10762 | D:10     | Entered Level 10 of the Dungeon
 10888 | D:10     | Found a flagged portal.
 10912 | Bailey   | Entered a bailey
 10936 | Bailey   | Reached *** piety under Uskayaw
 10943 | Bailey   | Reached **** piety under Uskayaw
 11061 | Bailey   | Found a burning altar of Makhleb.
 11083 | Bailey   | Identified the +9 dagger "Udeikk" {freeze, Dex+7}
 12284 | D:11     | Reached ***** piety under Uskayaw
 12294 | D:11     | Reached ****** piety under Uskayaw
 12331 | D:11     | Reached XP level 12. HP: 97/97 MP: 13/15
 12336 | D:11     | Found a staircase to the Lair.
 12362 | D:11     | Reached skill level 5 in Invocations
 12390 | D:11     | Noticed a boulder beetle
 12418 | D:11     | Killed a boulder beetle
 12624 | D:11     | Found a blossoming altar of Fedhas.
 13236 | D:12     | You fall into a shaft and drop 2 floors!
 13512 | D:14     | Found a snail-covered altar of Cheibriados.
 14039 | D:13     | Noticed a two-headed ogre
 14047 | D:13     | Killed a two-headed ogre
 14249 | D:13     | Noticed a boulder beetle
 14261 | D:13     | Noticed a centaur warrior
 14263 | D:13     | Killed from afar by a manticore

Illustrated notes

Levels and vault maps discovered:
D:1:      co_arrival_random_square_maze, layout_basic, minmay_tromino_v4_c
D:2:      wad_river_or_something, layout_basic
D:3:      layout_loops_ring, mainiacjoe_overflow_cross_hatched,
          hellmonk_ecumenical_altar_heavens_door, portal_sewer_entry_b,
          fountainhead
D:4:      layout_rooms, minmay_manual_mares
D:5:      layout_rooms, lightli_temple_of_fire, eino_tiny_chamber,
          kennysheep_crisscross, interstate_on_off,
          chequers_serial_rivers_micro_b, minmay_manual_mail
D:6:      layout_rooms, ashenzari_altar_1, okawaru_metal_pillars_1_2,
          minmay_temple_entry_butterflies, uniq_grinder, uniq_blork_the_orc
D:7:      nicolae_cairo_tiling_very_big, layout_rooms, nicolae_ru_awakened_eye,
          chequers_serial_rivers_room_b, uniq_duvessa
D:8:      minmay_the_grid_octo_2x2 [minmay_the_grid_octo_clover,
          minmay_the_grid_octo_fan_narrow, minmay_the_grid_octo_toaster,
          minmay_the_grid_octo_prize_square_snowflake], layout_basic,
          mainiacjoe_overflow_large_starburst
D:9:      layout_roguey, nicolae_uskayaw_murder_on_the_dancefloor
D:10:     layout_stronghold, enter_bailey_4
D:11:     layout_loops_cross, minmay_lair_entry_grove, fedhas_altar_1
D:12:     layout_irregular_city, erik_orc_2
D:13:     layout_long_grid
D:14:     layout_small_grid, david_vaults_1, nicolae_qazlal_style_of_elements,
          kennysheep_slug_shrine
Temple:   eino_temple_water

Skill      XL: |  1  2  3  4  5  6  7  8  9 10 11 12 |
---------------+-------------------------------------+-----
Throwing       | 2 |  2.1
Polearms       | 3 4 5 6 8 9 11 12 | 12.0
Armour         | 1 2 5 8 9 10 12 | 12.0
Shields        | 1 2 3 4 6 7 8 9 |  9.6
Fighting       | 3 4 5 6 7 8 |  8.1
Dodging        | 3 4 |  4.4
Stealth        | 1 2 4 |  4.0
Axes           | 1 |  1.4
Invocations    | 4 7 |  7.8

Action                   |  1- 3 |  4- 6 |  7- 9 | 10-12 || total
-------------------------+-------+-------+-------+-------++-------
Melee: Trident           |   131 |   178 |   483 |   618 ||  1410
       War axe           |       |       |    15 |       ||    15
Invok: Stomp             |       |       |       |     2 ||     2
       Grand Finale      |       |       |       |     1 ||     1
  Use: Scroll            |       |       |    11 |    10 ||    21
       Potion            |       |       |     3 |     2 ||     5
 Stab: Paralysed         |       |       |       |    23 ||    23
Armor: Leather armour    |     5 |       |       |       ||     5
       Scale mail        |     8 |       |       |       ||     8
       Chain mail        |    38 |   120 |   278 |   210 ||   646
Dodge: Dodged            |    29 |    61 |   180 |   151 ||   421
Block: Buckler           |     1 |    78 |   202 |   202 ||   483
